AoeStats
← yt536390

Arabia

510079738Analyzed
1v1 RM · 3d ago on Sep 29, 2026· 32m 43s· 2 players
Game mode
Random Map
Map size
Tiny (2 player)
Population
200
Speed
Normal
Resources
Standard
Victory
Conquest
Starting age
Dark Age
Ending age
Imperial Age
RankedLock teamsTeams togetherTeam positionsShared explorationLock speedFull tech treeHidden civsTurbo modeCheats
Victory
Defeat
🇨🇳 Mongols · China
1806
+15
🇭🇰 Georgians · Hong Kong SAR China
1794
-15
Alanlam9284
6:23 Loom
8:53 Feudal Age
9:36 Double-Bit Axe
15:37 Fletching
21:59 Castle Age
20:34 Horse Collar
21:32 Gold Mining
22:33 Scale Barding Armor
23:49 Chain Barding Armor
24:00 Heavy Plow
24:57 Bow Saw
25:36 Bloodlines
25:53 Husbandry
28:18 Wheelbarrow
28:07 Forging
29:47 Iron Casting
29:55 Scale Mail Armor
29:27 Pikeman
31:46 Chain Mail Armor
yt536390
10:27 Feudal Age
15:05 Castle Age
14:01 Double-Bit Axe
14:35 Horse Collar
19:53 Loom
25:16 Bow Saw
25:50 Gold Mining
26:48 Wheelbarrow
26:31 Scale Barding Armor
27:13 Forging
28:17 Bloodlines
28:16 Husbandry
29:22 Hand Cart
30:20 Devotion
31:44 Iron Casting
32:03 Chain Barding Armor
Connection lost

Rejoining the realm…

Still unreachable

The connection could not be restored.

Session expired

The server has moved on; the page needs a fresh start.